[Event "Gibraltar Masters 18th"]
[Site "Gibraltar"]
[Date "2020.01.30"]
[Round "10.15"]
[White "Gukesh, Dommaraju"]
[Black "Vocaturo, Daniele"]
[Result "0-1"]
[ECO "D38"]
[WhiteElo "2542"]
[BlackElo "2622"]
[PlyCount "172"]
[EventDate "2020.01.21"]
[EventType "swiss"]
[EventRounds "10"]
[EventCountry "GGB"]
[SourceTitle "BritBase"]
[Source "John Saunders"]
[SourceDate "2021.06.05"]
[SourceVersion "1"]
[SourceVersionDate "2021.06.05"]
[SourceQuality "1"]
[TimeControl "40/100:0"]
[WhiteClock "0:01:33"]
[BlackClock "0:21:02"]

1. c4 e6 2. Nc3 d5 3. d4 Bb4 4. Nf3 Nf6 5. Bg5 Nbd7 6. e3 c5 7. cxd5 exd5 8.
Bb5 O-O 9. O-O Bxc3 10. bxc3 c4 11. Qc2 Nb6 12. a4 a6 13. a5 axb5 14. axb6 Rxa1 15. Rxa1 Qxb6 16. Bxf6 Qxf6 17. Qb2 Bd7 18.
Ne5 Be8 19. Qb4 Qd8 20. Nf3 Bc6 21. Ne1 Qf6 22. Qb2 h5 23.
Nf3 Qf5 24. Ne5 Be8 25. Nf3 f6 26. h3 Bc6 27. Qb4 Re8 28.
Qb2 Kf7 29. Qb4 g5 30. Nh2 Qe4 31. Qd6 Qe7 32. Qxe7+ Kxe7 33. Nf3 Bd7 34. Ne1 Bf5 35. Kf1 Kd7 36. Ke2 Re6 37. Ra5 Rb6 38. Kd2 Kc6 39. Ra8 Ra6 40. Rf8 Kd7 41. f3 h4 42. Rf7+ Ke6 43. Rxb7 Ra2+ 44. Kc1 Re2 45. Kd1 Rb2 46. Kc1 Rb1+ 47. Kd2 Rb3 48. Rb6+ Kf7 49. Rb8 Kg7 50. Rb6 Kg6 51. Rb8 Bb1 52. Rb6 Bf5 53. Rb8 Rb2+ 54. Kc1 Re2 55. Kd1 Ra2 56. Kc1 Bd3 57. Rxb5 Bf1 58. Rb2 Rxb2 59. Kxb2 f5 60. Kc2 Kh5 61. e4 fxe4 62. fxe4 dxe4 63. d5 Kg6 64. Kd2 Bd3 65. Ke3 Kf6 66. Kd4 Ke7 67. Ke5 e3 68. d6+ Kd7 69. Kd5 Bf1 70.
Ke4 e2 71. Kf5 Kxd6 72. Kxg5 Ke5 73. Kxh4 Kf4 74. g4 Ke3 75. Kg3 Kd2 76. Nf3+ Kd1 77. g5 e1=Q+ 78. Nxe1 Kxe1 79. h4 Kd2 80. h5 Kxc3 81. Kh4 Bd3 82. g6 Kd4 83. Kg5 c3 84. h6 c2 85. h7 c1=Q+ 86. Kf6 Qh6 0-1

[Event "Gibraltar Masters 18th"]
[Site "Gibraltar"]
[Date "2020.01.30"]
[Round "10.16"]
[White "Mendonca, Leon Luke"]
[Black "Moussard, Jules"]
[Result "0-1"]
[ECO "A88"]
[WhiteElo "2417"]
[BlackElo "2600"]
[PlyCount "190"]
[EventDate "2020.01.21"]
[EventType "swiss"]
[EventRounds "10"]
[EventCountry "GGB"]
[SourceTitle "BritBase"]
[Source "John Saunders"]
[SourceDate "2021.06.05"]
[SourceVersion "1"]
[SourceVersionDate "2021.06.05"]
[SourceQuality "1"]
[TimeControl "40/100:0"]
[WhiteClock "0:04:34"]
[BlackClock "0:37:24"]

1. d4 f5 2. c4 Nf6 3. Nc3 d6 4. g3 g6 5. Bg2 Bg7 6. Nf3 O-O 7. O-O c6 8. b3 Qc7 9. Ba3 Ne4 10. Bb2 Nxc3 11. Bxc3 e5 12. dxe5 dxe5 13. e4 f4 14. Qd2 Bg4 15. Rad1 Na6 16. h3 Bxf3 17. Bxf3 Rad8 18. Qe2 fxg3 19. fxg3 Nc5 20. Bb4 Qb6 21. Bxc5 Qxc5+ 22. Kg2 Rd4 23. Bg4 Rfd8 24. Rxd4 exd4 25. Qd3 Qe5 26. Be2 Re8 27. Qf3 Qxe4 28. Qxe4 Rxe4 29. Bd3 Re5 30. Rf4 Re3 31. Rf3 Re7 32. Rf4 Be5 33. Rf2 Kg7 34. b4 Bd6 35. a3 Rd7 36. Rf1 Be7 37. h4 b6 38. Rf2 a5 39. Rb2 axb4 40. axb4 Bd6 41. Be4 c5 42. bxc5 Bxc5 43. Ra2 Kf6 44. Bd3 Re7 45. Rf2+ Kg7 46. Rf3 Ra7 47. g4 Ra2+ 48. Rf2 Ra1 49. Rf1 Ra3 50. Rf3 Be7 51. g5 Bb4 52. Be4 Ra2+ 53. Kh3 Re2 54.
Bd5 Re7 55. Kg4 h6 56. gxh6+ Kxh6 57. Rb3 Ba5 58. Rf3 Re1 59. Rf6 d3 60. Bf3 Kg7 61. Rd6 d2 62. Kg5 Rg1+ 63. Kf4 Kf7 64. h5 Ke7 65. Rd5 gxh5 66.
Bxh5 Bb4 67. Bf3 Re1 68. Bg4 Bc5 69. Bf3 Kf6 70. Rd3 Bf8 71.
Kg3 Bb4 72. Kf4 Bc5 73. Bg4 Bf8 74. Kg3 Rg1+ 75. Kh3 Bh6 76.
Be2 Re1 77. Bg4 Ke5 78. Kg2 Be3 79. Kf3 d1=Q+ 80. Rxd1 Rxd1 81. Kxe3 Rd4 82. Be6 Rh4 83. Bg8 Rh3+ 84. Kd2 Kd4 85. Kc2 Rc3+ 86. Kb2 Rxc4 87. Kb3 Rc1 88. Kb2 Rc3 89. Bf7 Rf3 90. Be6 Kc5 91. Bg8 Kb4 92. Bd5 Rf2+ 93. Kb1 Kc3 94. Bc6 b5 95. Bd5 b4 0-1

[Event "Gibraltar Masters 18th"]
[Site "Gibraltar"]
[Date "2020.01.30"]
[Round "10.17"]
[White "Vaibhav, Suri"]
[Black "Sadhwani, Raunak"]
[Result "1/2-1/2"]
[ECO "C42"]
[WhiteElo "2593"]
[BlackElo "2522"]
[PlyCount "56"]
[EventDate "2020.01.21"]
[EventType "swiss"]
[EventRounds "10"]
[EventCountry "GGB"]
[SourceTitle "BritBase"]
[Source "John Saunders"]
[SourceDate "2021.06.05"]
[SourceVersion "1"]
[SourceVersionDate "2021.06.05"]
[SourceQuality "1"]
[TimeControl "40/100:0"]
[WhiteClock "0:01:29"]
[BlackClock "0:20:57"]

1. e4 e5 2. Nf3 Nf6 3. Nxe5 d6 4. Nf3 Nxe4 5. d4 d5 6. Bd3 Bd6 7. O-O O-O 8. c4 c6 9. Qc2 h6 10. Nc3 Nxc3 11. bxc3 dxc4 12. Bxc4 Qa5 13. Bxh6 Qh5 14. Bd2 Bg4 15. Ne5 Bxe5 16. dxe5 Qxe5 17. Rfe1 Qf6 18. Qd3 Nd7 19. Qg3 Be6 20. Rxe6 fxe6 21. Re1 Nc5 22. Be3 Qxc3 23. Rc1 Qb2 24. Qg5 Rxf2 25. Rd1 Qc2 26. Rc1 Qb2 27. Rd1 Qc2 28. Rc1 Qb2 1/2-1/2

[Event "Gibraltar Masters 18th"]
[Site "Gibraltar"]
[Date "2020.01.30"]
[Round "10.18"]
[White "Idani, Pouya"]
[Black "Panjwani, Raja"]
[Result "1/2-1/2"]
[ECO "C65"]
[WhiteElo "2577"]
[BlackElo "2444"]
[PlyCount "75"]
[EventDate "2020.01.21"]
[EventType "swiss"]
[EventRounds "10"]
[EventCountry "GGB"]
[SourceTitle "BritBase"]
[Source "John Saunders"]
[SourceDate "2021.06.05"]
[SourceVersion "1"]
[SourceVersionDate "2021.06.05"]
[SourceQuality "1"]
[TimeControl "40/100:0"]
[WhiteClock "0:24:52"]
[BlackClock "0:15:14"]

1. e4 e5 2. Nf3 Nc6 3. Bb5 Nf6 4. d3 d6 5. c3 Bd7 6. O-O g6 7. h3 Bg7 8. Be3 O-O 9. Nbd2 Kh8 10. Ba4 Qe8 11. Bc2 Ng8 12. d4 Bh6 13.
Bxh6 Nxh6 14. Nc4 f6 15. Qd2 Kg7 16. Nh2 g5 17. Ne3 Ne7 18.
f3 Nf7 19. Rf2 h5 20. Nhf1 h4 21. Nd5 Rc8 22. Nfe3 c6 23. Nxe7 Qxe7 24. Rd1 Rcd8 25. Qe1 Bc8 26. Rfd2 Nh8 27. Qf2 Ng6 28. dxe5 dxe5 29. Nf5+ Bxf5 30. exf5 Nf4 31. Qxa7 Rxd2 32. Rxd2 Qc7 33. b4 Kh6 34. Qa5 b6 35. Qa4 Rd8 36. Rxd8 Qxd8 37. Qxc6 Nh5 38. Be4 1/2-1/2

[Event "Gibraltar Masters 18th"]
[Site "Gibraltar"]
[Date "2020.01.30"]
[Round "10.19"]
[White "Tan, Zhongyi"]
[Black "Lagarde, Maxime"]
[Result "1-0"]
[ECO "D24"]
[WhiteElo "2493"]
[BlackElo "2651"]
[PlyCount "71"]
[EventDate "2020.01.21"]
[EventType "swiss"]
[EventRounds "10"]
[EventCountry "GGB"]
[SourceTitle "BritBase"]
[Source "John Saunders"]
[SourceDate "2021.06.05"]
[SourceVersion "1"]
[SourceVersionDate "2021.06.05"]
[SourceQuality "1"]
[TimeControl "40/100:0"]
[WhiteClock "0:10:16"]
[BlackClock "0:10:27"]

1. Nf3 d5 2. d4 Nf6 3. c4 e6 4. Nc3 dxc4 5. e4 b5 6. e5 Nd5 7. Nxb5 Nb6 8. Be2 Bb7 9. O-O Nc6 10. Be3 Qd7 11. Qc1 Na5 12. Nc3 Qc6 13.
Bd2 Bb4 14. Nb1 Nd5 15. Bxb4 Nxb4 16. Nbd2 Nd3 17. Qc3 Nf4 18. Rfe1 Nxe2+ 19. Rxe2 Qb6 20. Ne4 Bd5 21. Nfg5 h6 22. Nh3 Bxe4 23. Rxe4 O-O-O 24. Nf4 Rd7 25. b4 Nc6 26. Qxc4 Rxd4 27. Rxd4 Qxd4 28. Qa6+ Kb8 29. Rc1 Nxb4 30. Qe2 Rd8 31. g3 g5 32. Ng2 Rd5 33. Ne3 Rxe5 34. Rd1 Qe4 35. Qb2 a5 36. Rd4 1-0

[Event "Gibraltar Masters 18th"]
[Site "Gibraltar"]
[Date "2020.01.30"]
[Round "10.20"]
[White "Matlakov, Maxim"]
[Black "Beliavsky, Alexander G"]
[Result "1-0"]
[ECO "C45"]
[WhiteElo "2698"]
[BlackElo "2529"]
[PlyCount "107"]
[EventDate "2020.01.21"]
[EventType "swiss"]
[EventRounds "10"]
[EventCountry "GGB"]
[SourceTitle "BritBase"]
[Source "John Saunders"]
[SourceDate "2021.06.05"]
[SourceVersion "1"]
[SourceVersionDate "2021.06.05"]
[SourceQuality "1"]
[TimeControl "40/100:0"]
[WhiteClock "0:07:26"]
[BlackClock "0:38:54"]

1. e4 e5 2. Nf3 Nc6 3. d4 exd4 4. Nxd4 Bc5 5. Nb3 Bb6 6.
Nc3 Nf6 7. Qe2 O-O 8. Bg5 h6 9. Bh4 d6 10. O-O-O Re8 11. f3 Be6 12. Kb1 Ne5 13. g4 c6 14. h3 Bxb3 15. axb3 d5 16. Qg2 Ng6 17. Bg3 Ba5 18.
h4 Bxc3 19. bxc3 Qa5 20. g5 Nh5 21. gxh6 dxe4 22. Bc4 Qxc3 23. Bc7 Ne5 24. Bxe5 Rxe5 25. Bxf7+ Kxf7 26. Rd7+ Re7 27. Rxe7+ Kxe7 28. Qg5+ Nf6 29. Qxg7+ Ke6 30. h7 e3 31. h8=Q Rxh8 32. Qxh8 e2 33. Qc8+ Kd6 34. Qb8+ Kd7 35. Qxb7+ Kd6 36. Qb8+ Kd7 37. Qxa7+ Kd6 38. Qf2 Qe5 39. f4 Qe4 40. Re1 Nd5 41. Qg3 Qb4 42. Kc1 Nc3 43. f5+ Kd7 44. Qd3+ Kc8 45. Kd2 Nd5+ 46. c3 Qxb3 47. Rxe2 Qb2+ 48. Qc2 Qb5 49. Qa2 Qc5 50. Qb3 Qd6 51. Qc4 Kc7 52. Qd4 Qa3 53. f6 Qb2+ 54. Ke1 1-0

[Event "Gibraltar Masters 18th"]
[Site "Gibraltar"]
[Date "2020.01.30"]
[Round "10.21"]
[White "Donchenko, Alexander"]
[Black "Gordon, Stephen J"]
[Result "1-0"]
[ECO "E05"]
[WhiteElo "2647"]
[BlackElo "2504"]
[PlyCount "77"]
[EventDate "2020.01.21"]
[EventType "swiss"]
[EventRounds "10"]
[EventCountry "GGB"]
[SourceTitle "BritBase"]
[Source "John Saunders"]
[SourceDate "2021.06.05"]
[SourceVersion "1"]
[SourceVersionDate "2021.06.05"]
[SourceQuality "1"]
[TimeControl "40/100:0"]
[WhiteClock "0:26:49"]
[BlackClock "0:01:34"]

1. d4 Nf6 2. c4 e6 3. g3 d5 4. Bg2 Be7 5. Nf3 O-O 6. O-O dxc4 7. Qa4 a6 8.
Qxc4 b5 9. Qc2 Bb7 10. Bd2 Be4 11. Qc1 c6 12. a4 Nbd7 13. Nc3 Bg6 14. Nh4 Bh5 15. h3 b4 16. Na2 a5 17. g4 Nd5 18. gxh5 Bxh4 19. Qxc6 Rc8 20. Qb5 N7f6 21. Bf3 Qb6 22. Qxb6 Nxb6 23. Rfc1 Nxa4 24. Nxb4 Rxc1+ 25. Bxc1 Nxb2 26. Rxa5 Nd1 27. Nd3 Nc3 28. Ba3 Rd8 29. e3 h6 30. Kg2 Nfe4 31. Bb4 Rb8 32. Ra3 Nb5 33. Ra6 Nc7 34. Rc6 Nxf2 35. Nxf2 Rxb4 36. Rxc7 Rb2 37. Rc8+ Kh7 38. Be4+ f5 39. Bc2 1-0

[Event "Gibraltar Masters 18th"]
[Site "Gibraltar"]
[Date "2020.01.30"]
[Round "10.22"]
[White "Lei, Tingjie"]
[Black "Durarbayli, Vasif"]
[Result "1-0"]
[ECO "D43"]
[WhiteElo "2493"]
[BlackElo "2625"]
[PlyCount "57"]
[EventDate "2020.01.21"]
[EventType "swiss"]
[EventRounds "10"]
[EventCountry "GGB"]
[SourceTitle "BritBase"]
[Source "John Saunders"]
[SourceDate "2021.06.05"]
[SourceVersion "1"]
[SourceVersionDate "2021.06.05"]
[SourceQuality "1"]
[TimeControl "40/100:0"]
[WhiteClock "0:20:29"]
[BlackClock "0:37:52"]

1. d4 d5 2. c4 c6 3. Nf3 Nf6 4. Nc3 e6 5. Bg5 h6 6. Bh4 dxc4 7. e4 g5 8. Bg3 b5 9. Be2 Rg8 10. e5 Nh5 11. a4 Qb6 12. O-O Nd7 13. axb5 cxb5 14. d5 Nxg3 15. hxg3 Bb7 16. Nd4 a6 17. dxe6 fxe6 18. Nxe6 Qxe6 19. Bg4 Qc6 20. Bf3 Qxf3 21. gxf3 O-O-O 22. Qc2 Bg7 23. Rfe1 Rge8 24. e6 Ne5 25. Rxe5 Bxe5 26. Qf5 Bd6 27. e7+ Rd7 28. Nd5 Bc7 29. Qf7 1-0

[Event "Gibraltar Masters 18th"]
[Site "Gibraltar"]
[Date "2020.01.30"]
[Round "10.23"]
[White "Abdumalik, Zhansaya"]
[Black "Pichot, Alan"]
[Result "0-1"]
[ECO "C88"]
[WhiteElo "2471"]
[BlackElo "2606"]
[PlyCount "76"]
[EventDate "2020.01.21"]
[EventType "swiss"]
[EventRounds "10"]
[EventCountry "GGB"]
[SourceTitle "BritBase"]
[Source "John Saunders"]
[SourceDate "2021.06.05"]
[SourceVersion "1"]
[SourceVersionDate "2021.06.05"]
[SourceQuality "1"]
[TimeControl "40/100:0"]
[WhiteClock "0:12:46"]
[BlackClock "0:07:29"]

1. e4 e5 2. Nf3 Nc6 3. Bb5 a6 4. Ba4 Nf6 5. O-O b5 6. Bb3 Bb7 7. Re1 Be7 8. d4 Nxd4 9. Bxf7+ Kf8 10. Bd5 c6 11. Bb3 Nxb3 12. axb3 d6 13.
c4 Kg8 14. Nbd2 h6 15. Nf1 Kh7 16. Qc2 Qc7 17. Bd2 Rhe8 18. Ba5 Qb8 19. Ng3 Bf8 20. Nh4 Bc8 21. Bd2 Be6 22. Nhf5 a5 23. Ne3 Kg8 24. Rec1 b4 25. Qd1 Qb7 26. Qf3 Qf7 27. Rf1 Nd7 28. Qd1 Nc5 29. Qc2 d5 30. Rfc1 d4 31. Nef5 Kh7 32. h3 Qf6 33. Nh5 Qd8 34. f4 d3 35. Qd1 Nxe4 36. Nhg3 exf4 37. Nxe4 Bxf5 38. Nf2 Re2 0-1

[Event "Gibraltar Masters 18th"]
[Site "Gibraltar"]
[Date "2020.01.30"]
[Round "10.24"]
[White "Basso, Pier Luigi"]
[Black "Barbosa, Evandro Amorim"]
[Result "1/2-1/2"]
[ECO "D70"]
[WhiteElo "2600"]
[BlackElo "2501"]
[PlyCount "77"]
[EventDate "2020.01.21"]
[EventType "swiss"]
[EventRounds "10"]
[EventCountry "GGB"]
[SourceTitle "BritBase"]
[Source "John Saunders"]
[SourceDate "2021.06.05"]
[SourceVersion "1"]
[SourceVersionDate "2021.06.05"]
[SourceQuality "1"]
[TimeControl "40/100:0"]
[WhiteClock "0:04:18"]
[BlackClock "0:06:02"]

1. d4 Nf6 2. c4 g6 3. f3 d5 4. cxd5 Nxd5 5. e4 Nb6 6. Nc3 Bg7 7. Be3 O-O 8. Qd2 e5 9. d5 c6 10. h4 cxd5 11. exd5 h5 12. g4 Na6 13. gxh5 Bf5 14. hxg6 Nb4 15. Rc1 Rc8 16. d6 Nc4 17. Bxc4 Rxc4 18. Kf1 Nd3 19. Rd1 fxg6 20. Kg2 e4 21. f4 Qxd6 22. Rh2 Qc6 23.
Kh1 Bg4 24. Rf1 b5 25. Qg2 Qe6 26. Nxb5 Rb8 27. b3 Rc6 28. Nd4 Bxd4 29. Bxd4 Qf5 30. Qg3 Rbc8 31. Rg2 Bh5 32. Qg5 Qxg5 33. Rxg5 Rc1 34. Rxc1 Rxc1 35. Be3 Re1 36. Bd2 Rd1 37. Be3 Re1 38. Bd2 Rd1 39. Be3 1/2-1/2

[Event "Gibraltar Masters 18th"]
[Site "Gibraltar"]
[Date "2020.01.30"]
[Round "10.25"]
[White "Can, Emre"]
[Black "Gagare, Shardul"]
[Result "1-0"]
[ECO "D43"]
[WhiteElo "2600"]
[BlackElo "2481"]
[PlyCount "113"]
[EventDate "2020.01.21"]
[EventType "swiss"]
[EventRounds "10"]
[EventCountry "GGB"]
[SourceTitle "BritBase"]
[Source "John Saunders"]
[SourceDate "2021.06.05"]
[SourceVersion "1"]
[SourceVersionDate "2021.06.05"]
[SourceQuality "1"]
[TimeControl "40/100:0"]
[WhiteClock "0:49:12"]
[BlackClock "0:40:56"]

1. d4 d5 2. c4 c6 3. Nf3 Nf6 4. Nc3 e6 5. Bg5 h6 6. Bxf6 Qxf6 7. Qb3 Nd7 8.
e4 dxc4 9. Bxc4 b5 10. Be2 a6 11. O-O c5 12. Rad1 cxd4 13. e5 Qd8 14. Nxd4 Qb6 15. Bf3 Nc5 16. Na4 Nxa4 17. Bxa8 Bc5 18. Nf3 O-O 19. Qc2 Qa7 20. Be4 Bb6 21. b4 a5 22. a3 axb4 23. axb4 Bd7 24. Rc1 Qb8 25. Rfd1 Rc8 26. Qd2 Rd8 27. Qe2 Rc8 28. Rxc8+ Qxc8 29. Qd2 Qc4 30. Qxd7 Qxe4 31. Qxb5 Qc2 32. Rf1 g5 33. Ne1 Qb3 34. Nd3 Nc3 35. Nc1 Nxb5 36. Nxb3 Nc3 37. Ra1 Bc7 38. Re1 Nd5 39. Re4 Nc3 40. Re1 Nd5 41. Re4 Nc3 42. Rc4 Bxe5 43. Rc5 Nd5 44. b5 Bc7 45. Nd2 Kf8 46. Nc4 Ke7 47. Ne3 Kd6 48. Rc6+ Kd7 49. Nxd5 exd5 50. Rxh6 d4 51. Kf1 Be5 52. Ke2 f6 53. Rh7+ Kd6 54. b6 Kc6 55. b7 Kb6 56. Kd3 Ka7 57. g3 1-0

[Event "Gibraltar Masters 18th"]
[Site "Gibraltar"]
[Date "2020.01.30"]
[Round "10.26"]
[White "Di Berardino, Diego Rafael"]
[Black "Kryakvin, Dmitry"]
[Result "0-1"]
[ECO "C09"]
[WhiteElo "2478"]
[BlackElo "2592"]
[PlyCount "78"]
[EventDate "2020.01.21"]
[EventType "swiss"]
[EventRounds "10"]
[EventCountry "GGB"]
[SourceTitle "BritBase"]
[Source "John Saunders"]
[SourceDate "2021.06.05"]
[SourceVersion "1"]
[SourceVersionDate "2021.06.05"]
[SourceQuality "1"]
[TimeControl "40/100:0"]
[WhiteClock "0:01:38"]
[BlackClock "0:08:33"]

1. e4 e6 2. d4 d5 3. Nd2 c5 4. exd5 exd5 5. Ngf3 Nc6 6. Bb5 Qe7+ 7. Be2 Qc7 8. O-O Nf6 9. dxc5 Bxc5 10. Nb3 Be7 11. Bg5 O-O 12. c3 Rd8 13. Re1 Bf5 14. Bh4 Bg6 15. Bb5 Ne4 16. Bxc6 Bxh4 17. Nxh4 bxc6 18. Nxg6 hxg6 19. f3 Nd6 20. Qd4 Re8 21. Nc5 Qb6 22. Qf2 Rab8 23. b3 Nb5 24. Na4 Qc7 25. Rxe8+ Rxe8 26. Re1 Rxe1+ 27. Qxe1 Qf4 28. Qe8+ Kh7 29. Qxc6 Qc1+ 30. Kf2 Nd4 31. Qe8 Qd2+ 32. Kf1 Ne6 33. Qe7 g5 34. g3 Qd3+ 35. Kf2 Qc2+ 36. Kg1 Qb1+ 37. Kg2 Qxa2+ 38. Kh3 Kg6 39. Qxa7 g4+ 0-1

[Event "Gibraltar Masters 18th"]
[Site "Gibraltar"]
[Date "2020.01.30"]
[Round "10.27"]
[White "Santos Latasa, Jaime"]
[Black "Roussel-Roozmon, Thomas"]
[Result "1/2-1/2"]
[ECO "C24"]
[WhiteElo "2586"]
[BlackElo "2473"]
[PlyCount "71"]
[EventDate "2020.01.21"]
[EventType "swiss"]
[EventRounds "10"]
[EventCountry "GGB"]
[SourceTitle "BritBase"]
[Source "John Saunders"]
[SourceDate "2021.06.05"]
[SourceVersion "1"]
[SourceVersionDate "2021.06.05"]
[SourceQuality "1"]
[TimeControl "40/100:0"]
[WhiteClock "0:35:03"]
[BlackClock "0:04:16"]

1. e4 e5 2. Bc4 Nf6 3. d3 c6 4. Nf3 Be7 5. O-O d6 6. Re1 Nbd7 7. c3 O-O 8. Bb3 Nc5 9. Bc2 Qc7 10. Nbd2 Re8 11. Nf1 Bf8 12. Ng3 b6 13. Bg5 Nfd7 14. d4 Ne6 15. Be3 Nf6 16. h3 Ba6 17. Qd2 Rad8 18.
Rad1 Bc4 19. Qc1 g6 20. b3 Ba6 21. a4 Bg7 22. d5 cxd5 23.
exd5 Nc5 24. Bh6 Bxh6 25. Qxh6 Qe7 26. Nd4 Qf8 27. Qxf8+ Kxf8 28. Nc6 Ra8 29. Nf1 Bxf1 30. Kxf1 Rec8 31. a5 Nxd5 32. Nxe5 Nxc3 33. Rxd6 bxa5 34. Re3 Nb5 35. Rd5 Ne6 36. Rxb5 1/2-1/2

[Event "Gibraltar Masters 18th"]
[Site "Gibraltar"]
[Date "2020.01.30"]
[Round "10.28"]
[White "Ramirez, Alejandro"]
[Black "Ravi, Teja S"]
[Result "1/2-1/2"]
[ECO "D13"]
[WhiteElo "2574"]
[BlackElo "2464"]
[PlyCount "124"]
[EventDate "2020.01.21"]
[EventType "swiss"]
[EventRounds "10"]
[EventCountry "GGB"]
[SourceTitle "BritBase"]
[Source "John Saunders"]
[SourceDate "2021.06.05"]
[SourceVersion "1"]
[SourceVersionDate "2021.06.05"]
[SourceQuality "1"]
[TimeControl "40/100:0"]
[WhiteClock "0:00:50"]
[BlackClock "0:00:55"]

1. d4 d5 2. c4 c6 3. cxd5 cxd5 4. Nc3 Nf6 5. Bf4 Nc6 6. e3 a6 7. Be2 Bf5 8. Nf3 e6 9. Qb3 Bd6 10. Bxd6 Qxd6 11. Qxb7 O-O 12. Qb3 Nb4 13. O-O Nc2 14. Rab1 Rfb8 15. Qa4 Ng4 16. b3 Qc7 17. Nxd5 exd5 18. Rbc1 Bd7 19. Qa3 Nxa3 20. Rxc7 Nf6 21. Ne5 Be8 22. Rfc1 Nb5 23. R7c5 Ne4 24. R5c2 a5 25. f3 Nf6 26. Nc6 Bxc6 27. Rxc6 Kf8 28. R1c5 Na3 29. g4 h6 30. h4 a4 31. g5 axb3 32. axb3 hxg5 33. hxg5 Ng8 34. Rc3 Ne7 35. R6c5 Nb1 36. Rd3 Ra2 37. Bd1 Nd2 38. Rdc3 g6 39. Rc2 Rba8 40. Kf2 Nxb3 41. R5c3 Nd2 42. Be2 Nf5 43. Bd3 Nd6 44. Rxa2 Rxa2 45. Kg3 N6c4 46. e4 Ra3 47. Rxa3 Nxa3 48. exd5 Nac4 49. f4 Nd6 50. f5 gxf5 51. Kf4 N2e4 52. Be2 Ke7 53. Bf1 Nc3 54. Ke5 Nde4 55. Bh3 Nd6 56. Bxf5 Nc4+ 57. Kf4 Nxd5+ 58. Kf3 Nd6 59. Bc2 Nc7 60. d5 Nxd5 61. g6 f6 62. g7 Kf7 1/2-1/2

[Event "Gibraltar Masters 18th"]
[Site "Gibraltar"]
[Date "2020.01.30"]
[Round "10.29"]
[White "Batsiashvili, Nino"]
[Black "Sanal, Vahap"]
[Result "0-1"]
[ECO "A47"]
[WhiteElo "2456"]
[BlackElo "2569"]
[PlyCount "110"]
[EventDate "2020.01.21"]
[EventType "swiss"]
[EventRounds "10"]
[EventCountry "GGB"]
[SourceTitle "BritBase"]
[Source "John Saunders"]
[SourceDate "2021.06.05"]
[SourceVersion "1"]
[SourceVersionDate "2021.06.05"]
[SourceQuality "1"]
[TimeControl "40/100:0"]
[WhiteClock "0:02:39"]
[BlackClock "0:46:16"]

1. d4 Nf6 2. Nf3 e6 3. Bf4 c5 4. e3 b6 5. Bd3 Bb7 6. Nbd2 Be7 7. h3 O-O 8. O-O cxd4 9. exd4 d6 10. Bh2 Nbd7 11. a4 a6 12. a5 b5 13. c4 bxc4 14. Nxc4 Ne8 15. Qe2 Ndf6 16. Nb6 Ra7 17. Rfc1 Nc7 18. Ra3 Ncd5 19. Rb3 Nd7 20. Nc4 N7f6 21. Nfd2 g6 22. Nb6 Nh5 23. Nxd5 Bxd5 24. Rb6 Bg5 25. Rc3 Nf4 26. Bxf4 Bxf4 27. Nf3 Bxf3 28. Qxf3 Bd2 29. Rcc6 Bxa5 30. Rxa6 Rxa6 31. Bxa6 d5 32. Qa3 Qa8 33. Bb5 Bd2 34. Rc2 Bg5 35. Bc6 Qb8 36. Qc5 Qf4 37. Qc3 Bf6 38. Qe3 Qh4 39. g4 Rb8 40. Bd7 Rb7 41. Bc8 Rb6 42. Bd7 Rb7 43. Bc8 Ra7 44. b4 h5 45. b5 Ra1+ 46. Kh2 hxg4 47. Bxe6 fxe6 48. b6 Rb1 49. Rc8+ Kf7 50. Rc7+ Be7 51. b7 Qxh3+ 52. Qxh3 gxh3 53. Kxh3 Kf6 54. Kg4 Bd6 55. Rd7 Bb8 0-1

[Event "Gibraltar Masters 18th"]
[Site "Gibraltar"]
[Date "2020.01.30"]
[Round "10.30"]
[White "Antipov, Mikhail Al."]
[Black "Song, Raymond"]
[Result "1/2-1/2"]
[ECO "B47"]
[WhiteElo "2562"]
[BlackElo "2478"]
[PlyCount "116"]
[EventDate "2020.01.21"]
[EventType "swiss"]
[EventRounds "10"]
[EventCountry "GGB"]
[SourceTitle "BritBase"]
[Source "John Saunders"]
[SourceDate "2021.06.05"]
[SourceVersion "1"]
[SourceVersionDate "2021.06.05"]
[SourceQuality "1"]
[TimeControl "40/100:0"]
[WhiteClock "0:04:36"]
[BlackClock "0:47:17"]

1. e4 c5 2. Nc3 e6 3. Nf3 Nc6 4. Bb5 Nd4 5. O-O a6 6. Bd3 Nc6 7. Be2 Qc7 8. d4 cxd4 9. Nxd4 Nf6 10. Qd3 Be7 11. Kh1 O-O 12. f4 Nxd4 13. Qxd4 d6 14. e5 dxe5 15. fxe5 Nd7 16. Bf4 b5 17. Rad1 Rd8 18. Bh5 Bb7 19. Bg3 g6 20. Bf3 Bxf3 21. Rxf3 Nb6 22. Qf4 Rxd1+ 23. Nxd1 Bf8 24. Rf1 Rd8 25. Nf2 Nd5 26. Qe4 Qc4 27. Qxc4 bxc4 28. Rd1 Rb8 29. b3 Rc8 30. Ne4 cxb3 31. cxb3 Be7 32. h3 h5 33. Bf2 Rc2 34. Rd2 Rc1+ 35. Kh2 h4 36. g3 hxg3+ 37. Kxg3 Kg7 38. Kg4 Bb4 39. Re2 a5 40. Bh4 Rf1 41. Bg5 Be7 42. Bd2 Bd8 43.
Nd6 Rg1+ 44. Kf3 Bh4 45. Ne4 Bd8 46. Re1 Rxe1 47. Bxe1 Nb4 48. a4 Nc6 49. Bc3 g5 50. Nd2 Kg6 51. Kg4 Bb6 52. Nf3 Be3 53.
Be1 Bc1 54. h4 gxh4 55. Bxh4 Be3 56. Bf6 Bc1 57. Bh4 Be3 58. Bf6 Bc1 1/2-1/2

[Event "Gibraltar Masters 18th"]
[Site "Gibraltar"]
[Date "2020.01.30"]
[Round "10.31"]
[White "Maze, Sebastien"]
[Black "Javakhishvili, Lela"]
[Result "1/2-1/2"]
[ECO "B09"]
[WhiteElo "2550"]
[BlackElo "2463"]
[PlyCount "30"]
[EventDate "2020.01.21"]
[EventType "swiss"]
[EventRounds "10"]
[EventCountry "GGB"]
[SourceTitle "BritBase"]
[Source "John Saunders"]
[SourceDate "2021.06.05"]
[SourceVersion "1"]
[SourceVersionDate "2021.06.05"]
[SourceQuality "1"]
[TimeControl "40/100:0"]
[WhiteClock "1:38:36"]
[BlackClock "1:40:13"]

1. e4 d6 2. d4 Nf6 3. Nc3 g6 4. f4 Bg7 5. Nf3 c5 6. Bb5+ Bd7 7. e5 Ng4 8. e6 fxe6 9. Ng5 Bxb5 10. Nxe6 Bxd4 11. Nxd8 Bf2+ 12. Kd2 Be3+ 13.
Ke1 Bf2+ 14. Kd2 Be3+ 15. Ke1 Bf2+ 1/2-1/2

[Event "Gibraltar Masters 18th"]
[Site "Gibraltar"]
[Date "2020.01.30"]
[Round "10.32"]
[White "Ibarra Jerez, Jose Carlos"]
[Black "Chen, Qi B"]
[Result "1/2-1/2"]
[ECO "C45"]
[WhiteElo "2548"]
[BlackElo "2432"]
[PlyCount "32"]
[EventDate "2020.01.21"]
[EventType "swiss"]
[EventRounds "10"]
[EventCountry "GGB"]
[SourceTitle "BritBase"]
[Source "John Saunders"]
[SourceDate "2021.06.05"]
[SourceVersion "1"]
[SourceVersionDate "2021.06.05"]
[SourceQuality "1"]
[TimeControl "40/100:0"]
[WhiteClock "1:32:00"]
[BlackClock "1:37:22"]

1. e4 e5 2. Nf3 Nc6 3. d4 exd4 4. Nxd4 Bc5 5. Be3 Qf6 6. c3 Nge7 7. Bc4 Ne5 8. Be2 Qg6 9. O-O d6 10. Kh1 Qxe4 11. Nd2 Qg6 12. Bh5 Qd3 13. Be2 Qg6 14. Bh5 Qd3 15. Be2 Qg6 16. Bh5 Qd3 1/2-1/2